 Dungeon Crawl Stone Soup version 0.24-a0-278-gefa1973 (webtiles) character file.

Game seed: 16285384374889146426

2153 mhoghedin the Destroyer (level 9, -1/54 HPs)
             Began as a Tengu Wizard on Apr 30, 2019.
             Was an Initiate of Kikubaaqudgha.
             Slain by a black bear (4 damage)
             ... on level 6 of the Dungeon.
             The game lasted 00:20:44 (8378 turns).

mhoghedin the Destroyer (Tengu Wizard)              Turns: 8378, Time: 00:20:45

Health: -1/54      AC:  3    Str:  8    XL:     9   Next: 31%
Magic:  23/23      EV: 18    Int: 21    God:    Kikubaaqudgha [......]
Gold:   336        SH:  0    Dex: 13    Spells: 3/14 levels left

rFire    . . .     SeeInvis .   a - +3 quarterstaff (chaos)
rCold    . . .     Gourm    .   (shield currently unavailable)
rNeg     . . .     Faith    .   r - +0 robe
rPois    .         Spirit   .   b - +0 hat
rElec    .         Reflect  .   w - +0 cloak
rCorr    .         Harm     .   (no gloves)
MR       +....                  (boots unavailable)
Stlth    ++........             y - amulet of magic regeneration
HPRegen  0.18/turn              o - ring of magical power {MP+9}
MPRegen  0.43/turn              s - ring of protection from magic {MR+, !d}

@: about to teleport, flying quickly and evasively, quick
A: beak, talons 3, able to fly
a: Stop Flying, Renounce Religion


You were on level 6 of the Dungeon.
You worshipped Kikubaaqudgha.
Kikubaaqudgha was noncommittal.
You were very hungry.

You visited 2 branches of the dungeon, and saw 7 of its levels.

You collected 336 gold pieces.

Inventory:

Hand Weapons
 a - a +3 quarterstaff of chaos (weapon)
   (You took it off Crazy Yiuf on level 4 of the Dungeon)
Missiles
 e - 3 throwing nets {=f, !d}
 f - 227 stones (quivered)
Armour
 b - a +0 hat (worn)
 r - a +0 robe (worn)
 w - a +0 cloak (worn)
   (You took it off Crazy Yiuf on level 4 of the Dungeon)
Jewellery
 o - a ring of magical power (left hand) {MP+9}
   (You found it on level 3 of the Dungeon)
 p - a +3 ring of protection
   (You found it on level 3 of the Dungeon)
 s - a ring of protection from magic (right hand) {MR+, !d}
   (You found it on level 3 of the Dungeon)
 y - an amulet of magic regeneration (around neck)
   (You found it on level 6 of the Dungeon)
Wands
 q - a wand of acid (2)
   (You found it on level 3 of the Dungeon)
 t - a wand of digging (5)
   (You found it on level 4 of the Dungeon)
 v - a wand of polymorph (13)
   (You took it off Pikel on level 4 of the Dungeon)
 A - a wand of clouds (3)
   (You found it on level 6 of the Dungeon)
Scrolls
 n - 5 scrolls of remove curse
 x - a scroll of teleportation
 B - 2 scrolls of amnesia {unknown}
 C - a scroll of magic mapping {unknown}
Potions
 c - a potion of brilliance {unknown}
 g - 2 potions of ambrosia
 h - a potion of invisibility {unknown}
 i - a potion of haste {unknown}
 j - 2 potions of agility {unknown}
 k - a potion of cancellation {unknown}
 l - 5 potions of curing
 m - 2 potions of heal wounds {unknown}
 u - 2 potions of flight {unknown}
 z - a potion of resistance {unknown}
Comestibles
 d - 8 rations


   Skills:
 + Level 5.4 Fighting
 + Level 3.8 Staves
 + Level 5.6 Dodging
 - Level 2.0 Stealth
 - Level 3.0 Spellcasting
 - Level 8.0 Conjurations
 - Level 1.2 Summonings
 - Level 0.7 Translocations
 - Level 7.8 Air Magic


You had 3 spell levels left.
You knew the following spells:

 Your Spells              Type           Power        Failure   Level  Hunger
a - Magic Dart            Conj           ####         1%          1    None
b - Blink                 Tloc           N/A          16%         2    ##.....
c - Call Imp              Summ           #.......     12%         2    ##.....
d - Conjure Flame         Conj/Fire      ###.....     8%          3    ###....
x - Mephitic Cloud        Conj/Pois/Air  ####....     4%          3    ###....

Your spell library contained the following spells:

 Spells                   Type           Power        Failure   Level  Hunger
 Dazzling Spray           Conj/Hex       ###...       8%          3    ###....
 Corona                   Hex            #......      13%         1    None
 Ensorcelled Hibernation  Hex/Ice        #.....       21%         2    ##.....
 Slow                     Hex            #.......     21%         2    ##.....
 Confuse                  Hex            #.......     36%         3    ###....
 Tukima's Dance           Hex            #.......     36%         3    ###....


Dungeon Overview and Level Annotations

Branches:
Dungeon (6/15)             Temple (1/1) D:4

Altars:
Ashenzari
Cheibriados
Dithmenos
Elyvilon
Fedhas
Gozag
Hepliaklqana
Kikubaaqudgha
Makhleb
Nemelex Xobeh
Sif Muna
Trog
Uskayaw
Vehumet
Xom
Yredelemnul
Zin
The Shining One

Annotations:
D:5 3 runed translucent doors, no0bjke's ghost, amateur GrFi


Innate Abilities, Weirdness & Mutations

You have a beak for a mouth.
You have claws for feet.
You can fly continuously.


Message History

The deep elf mage appears confused.
You're too confused to cast spells.
Unknown command.
The deep elf mage is engulfed in noxious fumes.
The deep elf mage appears confused.
You feel less confused.
The deep elf mage is engulfed in noxious fumes.
The deep elf mage appears confused.
Aim: a deep elf mage, wielding a +0 long sword (lightly wounded, poisoned, confused)
The ball explodes into a vile cloud!
The stinking cloud engulfs the deep elf mage but does no damage.
You now have 19/23 mp.
A beastly little devil appears in a puff of frigid air.
The deep elf mage is engulfed in noxious fumes.
You now have 17/23 mp.
You miscast Call Imp.
You are very lightly contaminated with residual magic.
Shadowy shapes form in the air around you, then vanish.
Your white imp hits the deep elf mage.
Your white imp freezes the deep elf mage.
You now have 16/23 mp.
A beastly little devil appears in a puff of flame.
The deep elf mage is engulfed in noxious fumes.
The deep elf mage appears confused.
The deep elf mage hits your white imp with a +0 long sword.
Your white imp gestures at the deep elf mage.
The puff of frost hits the deep elf mage!
You now have 14/23 mp.
You sock the deep elf mage!
You kill the deep elf mage!
Kikubaaqudgha accepts your kill.
The battlesphere dissipates.
You swap places.
You see here a +0 long sword.
n - 5 scrolls of remove curse (gained 1)
You start resting.
Your magical contamination has completely faded away.
You regained 3 hp, and now have 48/54 hp.
MP restored: 23
There is an open gate here.
Your white imp disappears in a puff of smoke!
A jelly comes into view.
You regained 3 hp, and now have 51/54 hp.
A jelly is nearby!
A jelly is nearby!
You are feeling very hungry.
The jelly quivers.
You thump the jelly!
Your hands burn!
The jelly hits you.
You are splashed with acid!
You take 14 damage, and have 38/54 hp.
MASSIVE DAMAGE!!
You sock the jelly!
You kill the jelly!
Kikubaaqudgha accepts your kill.
No target in view!
No target in view!
You start resting.
Health restored: 54 A black bear comes into view.
The black bear growls angrily.
A black bear is nearby!
A black bear is nearby!
You sock the black bear!
The black bear flickers and vanishes!
Deactivating autopickup; reactivate with Ctrl-A.
You claw something. Something bites you.
Something claws you but does no damage. Something claws you.
You take 11 damage, and have 43/54 hp.
MASSIVE DAMAGE!!
You hit something but do no damage. Something closely misses you. x2
Something claws you. Something bites you.
Something claws you but does no damage. Something claws you.
You take 8 damage, and have 35/54 hp.
You sock something! You freeze something. You claw something.
Something bites you. Something claws you but does no damage.
Something claws you.
You take 6 damage, and have 29/54 hp.
You hear an angry growl.
Something bites you. Something barely misses you. Something claws you.
You take 5 damage, and have 25/54 hp.
You hear an angry growl.
Something barely misses you. x2; Something claws you.
You take 2 damage, and have 23/54 hp.
You hear an angry growl.
Something bites you but does no damage. Something claws you.
Something claws you but does no damage.
You take 3 damage, and have 20/54 hp.
You hear an angry growl.
Something bites you!
* * * LOW HITPOINT WARNING * * *
Something claws you but does no damage. Something claws you.
* * * LOW HITPOINT WARNING * * *
You take 11 damage, and have 10/54 hp.
MASSIVE DAMAGE!!
As you read the scroll labeled QIZ YLAIKK, it crumbles to dust.
You feel strangely unstable.
It was a scroll of teleportation.
Something bites you!
* * * LOW HITPOINT WARNING * * *
Something claws you.
You die...
Kikubaaqudgha rasps: "You have failed me!
Welcome... death!"

.................#..............'
.######.#.########..............#
.# #.#.# #..............# .#
#.#.# #............... .# #.#.#
#####..########. .#
#.#.############..########. .#
#.#............)...........
.######.............###..........
..........<.....@................
.######.............#############
### #.##...............# # ..#
#.##..############.# . .###
#.##........######.###### . ...#
#.##.######.##..........#.. .#.#
#.##.........#..........#.. .#.#
#.##.........#..........#.. .#.#
#.##....................#


There were no monsters in sight!

Vanquished Creatures
  Pikel (D:4)
  A deep elf mage (D:6)
  Grinder (D:4)
  An orc warrior (D:6)
  2 slaves (D:4)
  An ice beast (D:5)
  A centaur (D:6)
  An ogre (D:5)
  A bullfrog (D:6)
  A scorpion (D:4)
  2 crimson imps
  A gnoll shaman (D:6)
  A bullfrog zombie (D:6)
  3 hounds
  An orc priest (D:6)
  A bullfrog skeleton (D:6)
  A jelly (D:6)
  Crazy Yiuf (D:4)
  Ijyb (D:5)
  2 orc wizards (D:6)
  A worker ant (D:6)
  A hound zombie (D:6)
  A hound skeleton (D:4)
  14 gnolls
  A worker ant zombie (D:5)
  7 adders
  A shadow imp (D:5)
  3 adder zombies
  2 adder skeletons (D:6)
  2 dart slugs (D:1)
  2 worms
  6 leopard geckos
  12 orcs
  13 bats
  A giant cockroach (D:2)
  5 goblins
  6 hobgoblins
  7 jackals
  5 quokkas
  4 frilled lizards
  A jackal skeleton (D:4)
  6 kobolds
  8 rats
134 creatures vanquished.

Vanquished Creatures (collateral kills)
  A worker ant (D:4)
  An adder (D:2)
  2 gnolls
  A worm (D:3)
  2 leopard geckos (D:1)
  An orc (D:2)
  A hobgoblin (D:1)
  A kobold (D:3)
10 creatures vanquished.

Vanquished Creatures (others)
  3 toadstools (D:4)
3 creatures vanquished.

Grand Total: 147 creatures vanquished

Notes
Turn   | Place    | Note
-------+----------+-------------------------------------------
     0 | D:1      | mhoghedin the Tengu Wizard began the quest for the Orb.
     0 | D:1      | Reached XP level 1. HP: 10/10 MP: 5/5
   149 | D:1      | Reached skill level 1 in Fighting
   312 | D:1      | HP: 1/12 [hobgoblin (3)]
   624 | D:1      | Reached XP level 2. HP: 6/16 MP: 0/7
   904 | D:1      | Learned a level 2 spell: Call Imp
   919 | D:1      | Reached skill level 2 in Fighting
  1191 | D:1      | Reached XP level 3. HP: 16/22 MP: 8/8
  1271 | D:1      | Learned a level 2 spell: Blink
  1275 | D:1      | Learned a level 3 spell: Mephitic Cloud
  1578 | D:1      | Reached skill level 1 in Air Magic
  1804 | D:2      | Reached skill level 2 in Conjurations
  1963 | D:2      | Reached XP level 4. HP: 25/27 MP: 3/9
  1967 | D:2      | Reached skill level 2 in Air Magic
  2307 | D:2      | HP: 6/27 [orc/+0 hand axe (4)]
  2885 | D:3      | Reached skill level 3 in Conjurations
  3381 | D:3      | Reached skill level 3 in Air Magic
  3381 | D:3      | Gained mutation: You can fly continuously. [Tengu growth]
  3381 | D:3      | Reached XP level 5. HP: 31/31 MP: 10/10
  3388 | D:3      | Found a glowing golden altar of the Shining One.
  3730 | D:3      | Found a deep blue altar of Sif Muna.
  3949 | D:4      | Reached skill level 4 in Conjurations
  3985 | D:4      | Found a runed translucent door.
  3986 | D:4      | Noticed Crazy Yiuf
  4133 | D:4      | Reached skill level 4 in Air Magic
  4332 | D:4      | Found a staircase to the Ecumenical Temple.
  4338 | Temple   | Entered the Ecumenical Temple
  4447 | D:4      | Reached XP level 6. HP: 36/36 MP: 11/11
  4450 | D:4      | Noticed Grinder
  4455 | D:4      | Killed Grinder
  4455 | D:4      | Reached skill level 5 in Conjurations
  4455 | D:4      | Reached skill level 5 in Air Magic
  4475 | D:4      | Reached skill level 6 in Conjurations
  4475 | D:4      | Reached XP level 7. HP: 40/40 MP: 12/12
  4907 | D:4      | Noticed Pikel
  4912 | D:4      | HP: 7/40 [gnoll/+0 spear (8)]
  4912 | D:4      | HP: 3/40 [Pikel/+0 whip of flaming (4)]
  4913 | D:4      | Killed Pikel
  4913 | D:4      | Reached skill level 7 in Conjurations
  4913 | D:4      | Reached skill level 7 in Air Magic
  4913 | D:4      | Reached XP level 8. HP: 2/45 MP: 7/13
  5211 | D:4      | Learned a level 3 spell: Conjure Flame
  5226 | D:4      | Found a hide-covered altar of Uskayaw.
  5226 | D:4      | Found a burning altar of Makhleb.
  5227 | D:4      | Found an opulent altar of Gozag.
  5299 | D:4      | Found a bloodstained altar of Trog.
  5303 | D:4      | Reached skill level 8 in Conjurations
  5470 | D:4      | Found a shattered altar of Ashenzari.
  5576 | D:4      | Killed Crazy Yiuf
  5832 | D:5      | Entered Level 5 of the Dungeon
  5985 | D:5      | Found a runed translucent gate.
  5985 | D:5      | Found a runed translucent gate.
  5985 | D:5      | Found a runed translucent gate.
  5986 | D:5      | Noticed no0bjke's ghost (amateur GrFi)
  6021 | D:5      | Reached skill level 3 in Fighting
  6318 | D:5      | Noticed Ijyb
  6329 | D:5      | Killed Ijyb
  6349 | D:5      | Reached skill level 3 in Dodging
  6387 | D:5      | Found a shimmering altar of Xom.
  6507 | D:5      | Found an ancient bone altar of Kikubaaqudgha.
  6957 | D:5      | Reached skill level 4 in Fighting
  7080 | D:5      | Became a worshipper of Kikubaaqudgha
  7130 | D:6      | Reached skill level 1 in Staves
  7130 | D:6      | Reached skill level 4 in Dodging
  7531 | D:6      | Reached skill level 2 in Staves
  7568 | D:6      | HP: 10/48 [gnoll/+0 whip (11)]
  7720 | D:6      | Reached XP level 9. HP: 38/53 MP: 14/14
  7824 | D:6      | Reached skill level 5 in Dodging
  7879 | D:6      | Found a radiant altar of Vehumet.
  7915 | D:6      | Reached skill level 5 in Fighting
  7915 | D:6      | Reached skill level 3 in Staves
  8200 | D:6      | Noticed a deep elf mage
  8213 | D:6      | Killed a deep elf mage
  8377 | D:6      | HP: 13/54 [something (8)]
  8378 | D:6      | HP: 3/54 [something (7)]
  8378 | D:6      | Slain by a black bear

Levels and vault maps discovered:
D:1:      dpeg_arrival_court, layout_loops_ring, minmay_misc_feat_tiny,
          minmay_misc_feat_chi
D:2:      layout_rooms, minmay_fractal_squares_gapless_5
D:3:      layout_basic, nicolae_tso_swordbearing_angel, lemuel_round_altar,
          first_ration, minmay_misc_feat_doors
D:4:      layout_basic, lemuel_coloured_pillars_altar,
          gammafunk_temple_overflow_claw, minmay_temple_entry_glassed_door,
          minmay_gold_behind_fungi, trog_butcher_becter,
          uniq_crazy_yiuf_cottage, uniq_pikel, uniq_grinder
D:5:      layout_basic, kiku_gazebo_garden_becter, gammafunk_ghost_split,
          st_stairs_8, xom_redecorated, uniq_ijyb
D:6:      layout_basic, lemuel_round_altar, guppyfry_early_elven_hall
Temple:   zaba_magenta_temple

Skill      XL: |  1  2  3  4  5  6  7  8  9 |
---------------+----------------------------+-----
Fighting       | 1 2 4 5 |  5.4
Air Magic      | 1 3 4 5 7 |  7.8
Conjurations   | 2 3 4 6 7 8 |  8.0
Dodging        | 4 5 |  5.6
Staves         | 2 3 |  3.8
Stealth        | |  2.0
Spellcasting   | |  3.0
Summonings     | |  1.2
Translocations | |  0.7

Action                   |  1- 3 |  4- 6 |  7- 9 || total
-------------------------+-------+-------+-------++-------
Melee: Unarmed           |    28 |       |       ||    28
       Peck              |    12 |    11 |    19 ||    42
       Kick              |    11 |    15 |    37 ||    63
       Mace              |    74 |    99 |    28 ||   201
       Quarterstaff      |       |       |   155 ||   155
 Cast: Magic Dart        |    23 |    11 |    27 ||    61
       Call Imp          |     2 |     6 |     2 ||    10
       Mephitic Cloud    |     1 |     5 |    17 ||    23
       Conjure Flame     |       |       |     1 ||     1
 Abil: Fly               |       |     1 |       ||     1
Evoke: Wand              |       |     2 |     8 ||    10
  Use: Scroll            |       |     2 |     4 ||     6
 Stab: Sleeping          |     2 |     2 |     5 ||     9
       Confused          |       |     2 |     3 ||     5
       Paralysed         |       |       |     1 ||     1
  Eat: Chunk             |     3 |     2 |     6 ||    11
       Ration            |       |     2 |     2 ||     4
Armor: Robe              |    37 |    27 |    17 ||    81
Dodge: Dodged            |    98 |   108 |   155 ||   361

Table legend:
 A = Non-vault XP
 B = Vault XP
 C = Vault XP percentage of total XP
 D = Non-vault monster count
 E = Vault monster count
 F = Vault count percentage of total count
                 A         B        C        D         E       F
            +---------+---------+-------+---------+---------+-------
      Total |    1683 |    1393 |  45.3 |     128 |      14 |   9.9
            +---------+---------+-------+---------+---------+-------
        D:1 |      58 |       0 |   0.0 |      27 |       0 |   0.0
        D:2 |      46 |       8 |  14.8 |      16 |       4 |  20.0
        D:3 |      73 |       0 |   0.0 |      19 |       0 |   0.0
        D:4 |     261 |     943 |  78.3 |      14 |       7 |  33.3
        D:5 |     414 |      38 |   8.4 |      23 |       2 |   8.0
        D:6 |     831 |     404 |  32.7 |      29 |       1 |   3.3
            +---------+---------+-------+---------+---------+-------

Levels and vault maps discovered:
D:1:      dpeg_arrival_court, layout_loops_ring, minmay_misc_feat_tiny,
          minmay_misc_feat_chi
D:2:      layout_rooms, minmay_fractal_squares_gapless_5
D:3:      layout_basic, nicolae_tso_swordbearing_angel, lemuel_round_altar,
          first_ration, minmay_misc_feat_doors
D:4:      layout_basic, lemuel_coloured_pillars_altar,
          gammafunk_temple_overflow_claw, minmay_temple_entry_glassed_door,
          minmay_gold_behind_fungi, trog_butcher_becter,
          uniq_crazy_yiuf_cottage, uniq_pikel, uniq_grinder
D:5:      layout_basic, kiku_gazebo_garden_becter, gammafunk_ghost_split,
          st_stairs_8, xom_redecorated, uniq_ijyb
D:6:      layout_basic, lemuel_round_altar, guppyfry_early_elven_hall
Temple:   zaba_magenta_temple

Table legend:
 A = Turns spent in this place as a percentage of turns spent in the entire game.
 B = Non-inter-level travel turns spent in this place as a percentage of non-inter-level travel turns spent in the entire game.
 C = Inter-level travel turns spent in this place as a percentage of turns spent in this place.
 D = Turns resting spent in this place as a percentage of non-inter-level travel turns spent in this place.
 E = Turns spent auto-exploring this place as a percentage of non-inter-level travel turns spent in this place.
 F = Non-inter-level travel turns spent in this place divided by the number of levels of this place that you've seen.
                   A       B       C       D       E      F
               +-------+-------+-------+-------+-------+----------------------
         Total | 100.0 | 100.0 |   5.8 |  36.6 |  46.4 | 1127.9
       Dungeon |  99.0 |  99.2 |   5.6 |  36.9 |  46.0 | 1305.2
        Temple |   1.0 |   0.8 |  21.0 |   0.0 |  92.2 |  64.0
               +-------+-------+-------+-------+-------+----------------------

Table legend:
 A = Kills in this place as a percentage of kills in entire the game.
 B = Kills by you in this place as a percentage of kills by you in the entire game.
 C = Kills by friends in this place as a percentage of kills by friends in the entire game.
 D = Other kills in this place as a percentage of other kills in the entire game.
 E = Experience gained in this place as a percentage of experience gained in the entire game.
 F = Experience gained in this place divided by the number of levels of this place that you have seen.
                   A       B       C       D       E      F
               +-------+-------+-------+-------+-------+----------------------
         Total | 100.0 | 100.0 | 100.0 | 100.0 | 100.0 | 439.4
       Dungeon | 100.0 | 100.0 | 100.0 | 100.0 | 100.0 | 512.7
               +-------+-------+-------+-------+-------+----------------------
